 Dungeon Crawl Stone Soup version 0.23.2-33-g5129a83184 (webtiles) character file.

Game seed: 4753391567175219616

153 w3n2u the Skirmisher (level 5, -1/48 HPs)
             Began as a Minotaur Abyssal Knight on July 23, 2019.
             Was a Believer of Lugonu.
             Slain by manon's ghost (7 damage)
             ... on level 3 of the Dungeon.
             The game lasted 00:16:45 (2882 turns).

w3n2u the Skirmisher (Minotaur Abyssal Knight)      Turns: 2882, Time: 00:16:46

Health: -1/48      AC:  7    Str: 15 (17) XL:     5   Next: 12%
Magic:  5/5        EV: 10    Int:  7 (9)  God:    Lugonu [**....]
Gold:   142        SH:  0    Dex:  7 (10) Spells: 4/4 levels left

rFire    . . .     SeeInvis .   a - +2 falchion
rCold    . . .     Gourm    .   (no shield)
rNeg     . . .     Faith    .   j - +2 ring mail
rPois    .         Spirit   .   (helmet restricted)
rElec    .         Reflect  .   (no cloak)
rCorr    .         Harm     .   (no gloves)
MR       .....                  (no boots)
Stlth    ..........             (no amulet)
HPRegen  0.16/turn              (no ring)
MPRegen  0.09/turn              (no ring)

@: no status effects
A: retaliatory headbutt, horns 2
a: Depart the Abyss, Bend Space, Renounce Religion


You were on level 3 of the Dungeon.
You worshipped Lugonu.
Lugonu was pleased with you.
You were not hungry.

You visited 1 branch of the dungeon, and saw 3 of its levels.
You visited the Abyss 1 time.

You collected 142 gold pieces.

Inventory:

Hand Weapons
 a - a +2 falchion (weapon)
 e - a +0 whip
 g - a +0 dagger
 h - a +1 antimagic dagger
 i - a +0 dagger
 n - a +0 dagger
 o - a +0 club
 r - a +0 club
 s - a cursed -1 dagger
 t - a +0 hand axe
 u - a +0 club
 v - a +0 dagger
 w - a +0 club
 y - a cursed -1 short sword
 A - a +0 dagger
 B - a +0 club
 C - a +0 hunting sling
 E - a +1 short sword of venom
 G - a +1 dagger of freezing
 J - a +0 falchion
 K - a +0 dagger
Missiles
 d - 65 stones (quivered)
Armour
 b - a +0 leather armour
 j - a +2 ring mail (worn)
 k - a +0 robe
 l - a +0 ring mail
 D - a +0 scale mail
 F - a +0 leather armour
 H - a +0 chain mail
Jewellery
 L - a cursed ring of attention
Scrolls
 I - 2 scrolls of teleportation
 M - a scroll of immolation
 N - a scroll of identify
Potions
 m - a potion of resistance
 p - 2 potions of curing
 q - a potion of degeneration
 x - a potion of lignification
 z - a potion of heal wounds
Comestibles
 c - 9 rations
 f - 2 chunks of flesh


   Skills:
 + Level 5.1 Fighting
 + Level 3.8 Long Blades
 + Level 3.9 Armour
 + Level 1.7 Dodging
 + Level 0.2 Stealth
 + Level 2.0 Invocations


You had 4 spell levels left.
You didn't know any spells.
Your spell library was empty.

Dungeon Overview and Level Annotations

Branches:
Dungeon (3/15)

Altars:
Ashenzari
Kikubaaqudgha
Nemelex Xobeh
Qazlal

Annotations:
D:3 manon's ghost, amateur HOBe


Innate Abilities, Weirdness & Mutations

You reflexively headbutt those who attack you in melee.
You have a pair of horns on your head.


Message History

Manon's ghost is lightly damaged.
f - 2 chunks of flesh Manon's ghost hits you!
Manon's ghost hits you.
You hit manon's ghost.
Manon's ghost is lightly damaged.
Manon's ghost closely misses you.
You barely miss manon's ghost.
Manon's ghost is lightly damaged.
Manon's ghost hits you!
You closely miss manon's ghost.
Manon's ghost is lightly damaged.
Manon's ghost hits you.
* * * LOW HITPOINT WARNING * * *
You hit manon's ghost but do no damage.
Manon's ghost is lightly damaged.
Manon's ghost hits you.
* * * LOW HITPOINT WARNING * * *
Manon's ghost hits you!
You die...

#....>....##..
#..........##.
###.#####..##.
#..# #..##.
#.## #...##
##.# ##..##
#..# ##....
########.##
##.....
#...@....#
#......
#.#W#...##
#......
###≈#.###
#...... ##≈#.#
#...... #≈###
###...... #≈#
#........ #$#
##.#...... #≈#
#..#......
########
#.##......


You could see manon's ghost.

Vanquished Creatures
  8 adders
  3 worms
  A dart slug (D:1)
  3 leopard geckos
  2 orcs (D:3)
  5 bats
  A giant cockroach (D:1)
  11 goblins
  4 hobgoblins
  9 jackals
  A quokka (D:2)
  A ball python (D:2)
  5 frilled lizards
  5 kobolds
  6 rats
65 creatures vanquished.

Notes
Turn   | Place    | Note
-------+----------+-------------------------------------------
     0 | Abyss:1  | w3n2u the Minotaur Abyssal Knight began the quest for the
                  | Orb.
     0 | Abyss:1  | Reached XP level 1. HP: 19/19 MP: 1/1
    72 | D:1      | Escaped the Abyss
   447 | D:1      | Reached skill level 4 in Fighting
   544 | D:1      | Reached XP level 2. HP: 27/27 MP: 2/2
  1185 | D:2      | Found a faded altar of an unknown god.
  1205 | D:2      | Reached XP level 3. HP: 33/34 MP: 3/3
  1303 | D:2      | Found an ancient bone altar of Kikubaaqudgha.
  1373 | D:2      | Reached XP level 4. HP: 36/41 MP: 4/4
  1417 | D:2      | Found a stormy altar of Qazlal.
  1492 | D:2      | Found a sparkling altar of Nemelex Xobeh.
  1574 | D:2      | Reached ** piety under Lugonu
  1862 | D:2      | Reached skill level 5 in Fighting
  2036 | D:2      | Found a shattered altar of Ashenzari.
  2855 | D:3      | Found a runed translucent door.
  2858 | D:3      | Noticed manon's ghost (amateur HOBe)
  2869 | D:3      | Reached XP level 5. HP: 45/48 MP: 5/5
  2882 | D:3      | Slain by manon's ghost

Skill      XL: |  1  2  3  4 |
---------------+-------------+-----
Fighting       | 4 5 |  5.1
Armour         | 3 |  3.9
Invocations    | 2 |  2.0
Long Blades    | 3 |  3.8
Dodging        | |  1.7
Stealth        | |  0.2

Action                   |  1- 3 |  4- 6 || total
-------------------------+-------+-------++-------
Melee: Falchion          |    54 |    94 ||   148
       Headbutt          |    10 |    12 ||    22
  Use: Potion            |     5 |     3 ||     8
       Scroll            |     3 |     7 ||    10
  Eat: Chunk             |     1 |     2 ||     3
       Ration            |       |     2 ||     2
Armor: Leather armour    |     1 |       ||     1
       Ring mail         |    21 |    37 ||    58
       Skin              |       |    11 ||    11
Dodge: Dodged            |    41 |    53 ||    94
       Rpst.: Falchion   |    11 |    17 ||    28
